 Dungeon Crawl Stone Soup version 0.23-a0-473-gc8aadda (webtiles) character file.

94994 Amnesiac the Unseen (level 15, -5/80 HPs)
             Began as a Spriggan Enchanter on Nov 27, 2018.
             Was the Champion of Dithmenos.
             Slain by a water moccasin (6 damage)
             ... while paralysed by a hornet
             ... on level 6 of the Lair of Beasts.
             The game lasted 01:09:17 (26543 turns).

Amnesiac the Unseen (Spriggan Enchanter)           Turns: 26543, Time: 01:09:18

Health: -5/80      AC:  6    Str:  4    XL:     15   Next: 65%
Magic:  18/41      EV:  4    Int: 23    God:    Dithmenos [******]
Gold:   3309       SH:  0    Dex: 17    Spells: 2/38 levels left

rFire    . . .     SeeInvis +   a - +5 dagger (freeze)
rCold    . . .     Gourm    .   (shield restricted)
rNeg     . . .     Faith    +   b - +2 robe
rPois    .         Spirit   .   Q - +2 hat
rElec    .         Reflect  .   (no cloak)
rCorr    .         Harm     .   (gloves unavailable)
MR       ++...                  (boots unavailable)
Stlth    ++++++++++             c - amulet of faith
HPRegen  0.23/turn              t - ring of magical power
MPRegen  0.27/turn              D - +5 ring of evasion

@: paralysed, lethally poisoned (-5 -> -30), confusing touch, slowed, wreathed
by umbra, studying Short Blades, very quick
A: very small, unfitting armour, see invisible, herbivore, speed 3, slow
metabolism 2
a: Shadow Step, Shadow Form, Renounce Religion


You were on level 6 of the Lair of Beasts.
You worshipped Dithmenos.
Dithmenos was exalted by your worship.
You were full.

You visited 3 branches of the dungeon, and saw 23 of its levels.

You collected 3309 gold pieces.

Inventory:

Hand Weapons
 a - a +5 dagger of freezing (weapon)
 J - a +9 blowgun
 P - the +9 heavy crossbow "Sniper" {velocity, Acc+∞ SInv}
   (You found it on level 3 of the Lair of Beasts)

   Any bolt fired from it inflicts extra damage.
   It lets you see invisible.
Missiles
 i - 12 curare-tipped needles
 S - 34 bolts
Armour
 b - a +2 robe (worn)
 Q - a +2 hat (worn)
Jewellery
 c - an amulet of faith (around neck)
 t - a ring of magical power (left hand)
 u - an uncursed ring of magical power
 C - an uncursed ring of protection from magic
 D - a +5 ring of evasion (right hand)
 U - an uncursed ring of poison resistance
 W - an uncursed ring of resist corrosion
Wands
 g - a wand of iceblast (8)
 x - a wand of clouds (5)
 y - a wand of polymorph (16)
 z - a wand of enslavement (13)
 F - a wand of flame (43)
 K - a wand of digging (9)
Scrolls
 e - 7 scrolls of magic mapping {!r}
 h - 2 scrolls of fear {!r}
 k - 5 scrolls of teleportation {!r}
 n - 7 scrolls of remove curse {!r}
 o - 4 scrolls of amnesia {!r}
 A - 3 scrolls of enchant armour {!r}
 E - 6 scrolls of blinking {!r}
 L - a scroll of silence {!r}
 N - 2 scrolls of summoning {!r}
Potions
 d - 3 potions of brilliance {!q}
 f - 2 potions of might {!q}
 j - 8 potions of heal wounds {!q}
 l - 2 potions of invisibility {!q}
 m - 4 potions of haste {!q}
 p - 2 potions of cancellation {!q}
 q - 5 potions of flight {!q}
 s - 4 potions of curing {!q}
 w - a potion of magic {!q}
 R - 2 potions of resistance {!q}
 T - a potion of agility {!q}
Books
 B - a manual of Short Blades
Miscellaneous
 I - a lightning rod (4/4)
Comestibles
 G - 16 rations


   Skills:
 - Level 10.0 Fighting
 + Level 10.1 Short Blades
 - Level 12.0 Dodging
 + Level 20.6 Stealth
 - Level 12.0 Spellcasting
 - Level 12.0 Hexes
 + Level 10.7 Invocations
 - Level 8.0 Evocations


You had 2 spell levels left.
You knew the following spells:

 Your Spells              Type           Power        Failure   Level  Hunger
a - Ensorcelled Hibernat  Hex/Ice        #####.       1%          2    None
b - Apportation           Tloc           ##....       4%          1    None
c - Animate Skeleton      Necr           N/A          4%          1    None
d - Dazzling Spray        Conj/Hex       #####.       1%          3    None
e - Confuse               Hex            ######..     1%          3    None
f - Flame Tongue          Conj/Fire      ##...        4%          1    None
g - Summon Mana Viper     Hex/Summ       #####...     11%         5    ####...
q - Yara's Violent Unrav  Hex/Tmut       #####.....   11%         5    ####...
r - Regeneration          Chrm/Necr      ##........   14%         3    None
s - Conjure Flame         Conj/Fire      ##......     14%         3    None
w - Tukima's Dance        Hex            ######..     1%          3    None
x - Metabolic Englaciati  Hex/Ice        #####.....   11%         5    ####...
z - Confusing Touch       Hex            ######       1%          1    None

Your spell library contained the following spells:

 Spells                   Type           Power        Failure   Level  Hunger
 Corona                   Hex            ######.      1%          1    None
 Infusion                 Chrm           ##..         4%          1    None
 Magic Dart               Conj           ##..         4%          1    None
 Summon Small Mammal      Summ           ##..         4%          1    None
 Searing Ray              Conj           ##....       7%          2    None
 Shroud of Golubria       Chrm/Tloc      ##........   7%          2    None
 Song of Slaying          Chrm           ##......     7%          2    None
 Throw Flame              Conj/Fire      ##....       7%          2    None
 Inner Flame              Hex/Fire       #####...     1%          3    None
 Spectral Weapon          Hex/Chrm       #####...     1%          3    None
 Fulminant Prism          Conj/Hex       #####.....   3%          4    None
 Gell's Gravitas          Tloc           ##........   14%         3    None
 Recall                   Summ/Tloc      N/A          14%         3    None
 Force Lance              Conj/Tloc      ##......     41%         4    None
 Iskenderun's Mystic Bla  Conj           ##......     41%         4    None
 Petrify                  Tmut/Erth      ##......     41%         4    None
 Sticky Flame             Conj/Fire      ##......     41%         4    None
 Aura of Abjuration       Summ           ##........   77%         5    ####...
 Fireball                 Conj/Fire      ##........   77%         5    ####...
 Summon Demon             Summ           ##........   77%         5    ####...
 Summon Forest            Summ/Tloc      ##........   77%         5    ####...
 Shadow Creatures         Summ           N/A          100%        6    #####..


Dungeon Overview and Level Annotations

Branches:
Dungeon (15/15)            Temple (0/1) D:7            Lair (6/6) D:8
 Shoals (0/4) Lair:4        Snake (0/4) Lair:2          Orc (2/2) D:9
    Elf (0/3) Orc:2        Vaults (0/5) D:14         Depths (0/5) D:15
  Slime: Lair:5-6

Altars:
Cheibriados
Dithmenos
Fedhas
Hepliaklqana
Makhleb
Okawaru
Sif Muna
Trog
Vehumet
The Shining One
Lugonu

Shops:
D:13 *   D:15 %   Orc:2 ([[%

Portals:
Trove: D:11 (give +3 fire dragon scales)


Innate Abilities, Weirdness & Mutations

You are very small and have problems with some larger weapons.
You are too small for most types of armour.
You have supernaturally acute eyesight. (SInv)
You are a herbivore.
You cover ground extremely quickly.
You need to consume almost no food.


Message History

You hit the elephant but do no damage.
The elephant is lightly wounded.
A hornet comes into view.
You strike the helpless elephant from behind!
You stick the elephant like a pincushion!!!
You freeze the elephant!
You kill the elephant!
Dithmenos accepts your kill. The elephant completely misses you. x2
Casting: Confusing Touch (safe; 1% risk of failure)
Confirm with . or Enter, or press ? or * to list all spells.
Your hands begin to glow red.
The elephant closely misses you. The elephant completely misses you.
A water moccasin comes into view.
The water moccasin hisses angrily.
You hit the elephant but do no damage. You hit the elephant but do no damage.
A black bear comes into view.
The elephant tramples you!
You stumble backwards!
The black bear moves out of view.
You hit the elephant but do no damage.
The elephant appears confused.
You hit the elephant but do no damage.
The elephant misses the water moccasin.
The elephant trunk-slaps the water moccasin.
You hit the elephant. You freeze the elephant.
The elephant is lightly wounded.
You catch the helpless elephant completely off-guard!
You stick the elephant like a pincushion!!!
You freeze the elephant!
You kill the elephant!
Dithmenos accepts your kill. The water moccasin closely misses you.
Casting: Confusing Touch (safe; 1% risk of failure)
Confirm with . or Enter, or press ? or * to list all spells.
Your hands begin to glow red.
The water moccasin completely misses you.
The polar bear growls angrily.
You hit the water moccasin but do no damage.
The water moccasin is lightly wounded.
The water moccasin closely misses you. The hornet stings you!
* * * LOW HITPOINT WARNING * * *
You feel yourself slow down.
You barely miss the hornet. The water moccasin closely misses you.
The hornet stings you.
* * * LOW HITPOINT WARNING * * *
You are poisoned.
You feel as though you will be slow longer.
You hit the hornet but do no damage.
You feel sick. The water moccasin misses you. The hornet stings you.
* * * LOW HITPOINT WARNING * * *
You are more poisoned.
You suddenly lose the ability to move!
The water moccasin bites you.
* * * LOW HITPOINT WARNING * * *
You feel sick. The water moccasin bites you.
* * * LOW HITPOINT WARNING * * *
The hornet stings you!
* * * LOW HITPOINT WARNING * * *
You feel as though you will be slow longer.
The water moccasin bites you.
* * * LOW HITPOINT WARNING * * *
You are more poisoned.
The water moccasin poisons you!
* * * LOW HITPOINT WARNING * * *
You feel sick. The water moccasin bites you.
You die...

##.#.##.#.#
#P..#†...##
#.†+......#
###...##†.†#
#.#.†##...##
##...#.#.##
#....P..(###
##.........#
###......@.#
#.......SyS#####
##........h......
##.........h....
#..............
#...............
#...............
##..............
#..$...........


You could see a polar bear, a hornet, 2 water moccasins and a black bear.

Vanquished Creatures
  Rupert (Lair:3)
  Gastronok (Lair:3)
  Nessos (Lair:4)
  A stone giant (Orc:1)
  Snorg (D:11)
  The ghost of Erlindor the Fighter, a journeyman MfNe of Kikubaaqudgha (D:10)
  A fire dragon (D:15)
  5 hydras
  4 vault guards
  An ice dragon (D:15)
  2 centaur warriors
  A death knight (D:13)
  3 death yaks (Lair:3)
  8 two-headed ogres
  2 tengu warriors
  A catoblepas (D:15)
  5 orc high priests (Orc:2)
  Urug (Lair:1)
  Sonja (Lair:6)
  3 skeletal warriors (D:15)
  2 unseen horrors
  A phantasmal warrior (D:14)
  9 orc knights
  A harpy (shapeshifter) (D:13)
  2 deep elf magi
  A wolf spider (D:15)
  16 ugly things
  4 cyclopes
  2 manticores
  6 centaur zombies
  2 rust devils
  4 black mambas
  4 elephants (Lair:6)
  2 gargoyles
  6 spiny frogs
  2 rime drakes (Lair:4)
  2 efreet
  6 komodo dragons
  2 kobold demonologists (D:13)
  2 meliai
  Grinder (D:5)
  3 trolls
  13 slime creatures
  2 polar bears (Lair:6)
  A hornet (D:13)
  15 blink frogs
  A hornet (shapeshifter) (D:13)
  6 dream sheep (Lair:4)
  A centaur simulacrum (D:13)
  7 hippogriffs
  A wraith (D:14)
  A human (shapeshifter) (D:14)
  A shadow (D:13)
  3 wyverns
  Eustachio (D:4)
  36 yaks
  A vampire (D:15)
  2 basilisks
  A vampire mosquito (D:14)
  A steam dragon (D:12)
  A hungry ghost (D:9)
  2 nagas (Lair:2)
  An acid dragon (D:13)
  6 wargs
  10 water moccasins
  Duvessa (D:7)
  11 porcupines
  39 orc warriors
  A floating eye (D:13)
  4 ice beasts
  10 sky beasts
  5 necrophages (Lair:5)
  2 black bears
  A phantom (D:4)
  8 ogres
  The ghost of LeMaironi the Charmwright, an amateur GnSk (D:5)
  An eye of draining (D:14)
  A boggart (D:13)
  19 centaurs
  4 wolves (Lair:1)
  12 crocodiles
  4 big kobolds
  19 bullfrogs
  A water moccasin zombie (D:11)
  Dowan (D:7)
  7 scorpions
  16 wights
  13 killer bees
  An electric eel (Lair:4)
  10 crimson imps
  8 howler monkeys
  2 bullfrog zombies (D:13)
  2 quasits
  6 centaur skeletons
  10 hounds
  6 jellies
  3 bullfrog skeletons
  42 orc priests
  Jessica (D:2)
  10 worker ants
  4 iguanas
  18 orc wizards
  A killer bee zombie (D:10)
  A hound zombie (D:11)
  3 hound skeletons
  A worker ant zombie (D:3)
  3 gnolls (D:9)
  9 adders
  A howler monkey skeleton (D:5)
  3 shadow imps
  An adder zombie (D:6)
  An adder skeleton (D:9)
  7 worms
  5 dart slugs
  6 leopard geckos
  87 orcs
  10 bats
  4 giant cockroaches
  5 goblins
  4 hobgoblins
  16 jackals
  4 quokkas
  2 ball pythons
  A frilled lizard (D:2)
  A jackal skeleton (D:5)
  26 kobolds
  A leopard gecko zombie (D:6)
  7 rats
752 creatures vanquished.

Vanquished Creatures (collateral kills)
  An orc knight (Orc:2)
  Joseph (D:7)
2 creatures vanquished.

Vanquished Creatures (others)
  2 dancing weapons
  A plant (Lair:6)
3 creatures vanquished.

Grand Total: 757 creatures vanquished

Notes
Turn   | Place    | Note
-------+----------+-------------------------------------------
     0 | D:1      | Amnesiac the Spriggan Enchanter began the quest for the
                  | Orb.
     0 | D:1      | Reached XP level 1. HP: 9/9 MP: 5/5
   264 | D:2      | Found a snail-covered altar of Cheibriados.
   272 | D:2      | Reached skill level 5 in Stealth
   272 | D:2      | Reached XP level 2. HP: 7/13 MP: 6/6
   277 | D:2      | Learned a level 2 spell: Ensorcelled Hibernation
   484 | D:2      | Noticed Jessica
   683 | D:2      | Reached XP level 3. HP: 14/16 MP: 5/8
   699 | D:2      | Killed Jessica
   699 | D:2      | Reached skill level 6 in Stealth
   777 | D:2      | Found a hazy altar of Hepliaklqana.
  1018 | D:4      | Reached XP level 4. HP: 21/21 MP: 6/9
  1027 | D:4      | Noticed Eustachio
  1042 | D:4      | Learned a level 3 spell: Confuse
  1046 | D:4      | Learned a level 3 spell: Dazzling Spray
  1325 | D:4      | Killed Eustachio
  1325 | D:4      | Reached skill level 8 in Stealth
  1325 | D:4      | Reached XP level 5. HP: 20/24 MP: 3/10
  1386 | D:5      | Entered Level 5 of the Dungeon
  1453 | D:4      | Noticed a phantom
  1462 | D:4      | Killed a phantom
  1462 | D:4      | Reached XP level 6. HP: 28/28 MP: 6/11
  1525 | D:5      | Noticed a sky beast
  1528 | D:5      | Killed a sky beast
  1528 | D:5      | Reached skill level 5 in Hexes
  1528 | D:5      | Reached XP level 7. HP: 25/32 MP: 8/14
  1610 | D:4      | Reached skill level 5 in Short Blades
  2047 | D:5      | Found a runed gate.
  2047 | D:5      | Found a runed gate.
  2047 | D:5      | Found a runed gate.
  2412 | D:5      | Found a glowing golden altar of the Shining One.
  2417 | D:5      | Noticed Grinder
  2432 | D:5      | Killed Grinder
  2432 | D:5      | Reached skill level 5 in Spellcasting
  2632 | D:5      | Reached XP level 8. HP: 33/36 MP: 17/17
  2648 | D:5      | Noticed LeMaironi's ghost (amateur GnSk)
  3192 | D:5      | Killed LeMaironi's ghost
  3249 | D:6      | Reached skill level 5 in Dodging
  3376 | D:6      | Found a shadowy altar of Dithmenos.
  3381 | D:6      | Became a worshipper of Dithmenos the Shadowed
  3638 | D:1      | Reached * piety under Dithmenos
  4253 | D:2      | Found a faded altar of an unknown god.
  5288 | D:3      | Found a deep blue altar of Sif Muna.
  5295 | D:3      | Reached XP level 9. HP: 39/39 MP: 21/21
  5306 | D:3      | Learned a level 3 spell: Tukima's Dance
  5454 | D:3      | Reached ** piety under Dithmenos
  5625 | D:6      | Found an iron altar of Okawaru.
  6390 | D:7      | Reached skill level 1 in Fighting
  6452 | D:7      | Noticed Duvessa
  6452 | D:7      | Noticed Dowan
  6457 | D:7      | Killed Duvessa
  6459 | D:7      | Killed Dowan
  6895 | D:7      | Noticed Joseph
  6922 | D:7      | Killed Joseph
  6922 | D:7      | Reached skill level 10 in Hexes
  7068 | D:7      | Found a staircase to the Ecumenical Temple.
  7139 | D:7      | Reached *** piety under Dithmenos
  7395 | D:8      | Reached skill level 9 in Stealth
  7412 | D:8      | Reached XP level 10. HP: 29/49 MP: 3/22
  7643 | D:6      | Noticed a rust devil
  7643 | D:6      | Noticed a rust devil
  7643 | D:6      | Identified the +10 morningstar "Myumor" {protect, *Corrode
                  | Int+4 Stlth+}
  7700 | D:7      | Killed a rust devil
  8168 | D:6      | Killed a rust devil
  8168 | D:6      | Reached skill level 10 in Stealth
  8676 | D:8      | Reached skill level 11 in Stealth
  8803 | D:8      | Found a staircase to the Lair.
  8995 | D:9      | Reached **** piety under Dithmenos
  9225 | D:9      | Noticed a two-headed ogre
  9232 | D:9      | Killed a two-headed ogre
  9232 | D:9      | Reached skill level 10 in Dodging
  9232 | D:9      | Reached skill level 12 in Stealth
  9727 | D:9      | Found a staircase to the Orcish Mines.
  9768 | D:9      | Reached skill level 13 in Stealth
  9783 | D:9      | Reached XP level 11. HP: 31/52 MP: 15/23
 10149 | Orc:1    | Entered Level 1 of the Orcish Mines
 10157 | Orc:1    | Reached ***** piety under Dithmenos
 10690 | Orc:2    | Entered Level 2 of the Orcish Mines
 10690 | Orc:2    | Found a radiant altar of Vehumet.
 10708 | Orc:2    | Reached skill level 14 in Stealth
 11531 | Orc:1    | Noticed a stone giant
 11538 | Orc:1    | Killed a stone giant
 11538 | Orc:1    | Reached skill level 15 in Stealth
 11580 | Orc:1    | Found a bloodstained altar of Trog.
 11709 | Orc:2    | Found a staircase to the Elven Halls.
 12010 | Orc:2    | Noticed an orc knight
 12020 | Orc:2    | Killed an orc knight
 12236 | Orc:2    | Reached ****** piety under Dithmenos
 12427 | Orc:2    | Noticed an orc knight
 12510 | Orc:2    | Noticed an orc high priest
 12519 | Orc:2    | Killed an orc knight
 12538 | Orc:2    | Killed an orc high priest
 12538 | Orc:2    | Reached skill level 16 in Stealth
 12705 | Orc:2    | Noticed an orc knight
 12707 | Orc:2    | Noticed an orc knight
 12739 | Orc:2    | Killed an orc knight
 12748 | Orc:2    | Killed an orc knight
 12748 | Orc:2    | Reached skill level 5 in Fighting
 12841 | Orc:2    | Noticed an orc high priest
 12848 | Orc:2    | Noticed an orc high priest
 12855 | Orc:2    | Killed an orc high priest
 12923 | D:10     | Entered Level 10 of the Dungeon
 12943 | D:10     | Reached XP level 12. HP: 29/60 MP: 24/24
 13586 | D:11     | Found a portal to a secret trove of treasure.
 13625 | D:11     | Noticed Snorg
 13634 | D:11     | Killed Snorg
 13855 | D:10     | Found a transporter.
 13855 | D:10     | Noticed a two-headed ogre
 13855 | D:10     | Noticed a two-headed ogre
 13855 | D:10     | Noticed Erlindor's ghost (journeyman MfNe)
 13855 | D:10     | Noticed a two-headed ogre
 14376 | D:10     | Found a transporter.
 14752 | D:10     | Noticed a tengu warrior
 14756 | D:10     | Killed a tengu warrior
 14910 | Orc:2    | Noticed an orc high priest
 14921 | Orc:2    | Killed an orc high priest
 15164 | Orc:2    | Noticed an orc high priest
 15172 | Orc:2    | Killed an orc high priest
 15196 | Orc:2    | Killed an orc high priest
 15662 | Orc:2    | Found Witosurgh's Antique Weapon Emporium.
 15665 | Orc:2    | Found Udet's Food Emporium.
 15666 | Orc:2    | Found Qadd's Antique Armour Emporium.
 15667 | Orc:2    | Found Xata's Antique Armour Shoppe.
 15862 | D:10     | Killed Erlindor's ghost
 15871 | D:10     | Killed a two-headed ogre
 15878 | D:10     | Killed a two-headed ogre
 15885 | D:10     | Killed a two-headed ogre
 16076 | D:12     | Reached XP level 13. HP: 57/71 MP: 25/25
 16242 | D:12     | Reached skill level 10 in Fighting
 16252 | D:12     | Reached skill level 1 in Evocations
 16257 | D:12     | Reached skill level 1 in Invocations
 17202 | D:13     | Identified a paperback manual
 17312 | D:13     | Reached skill level 5 in Evocations
 17750 | D:13     | Found Wivuorim's Elemental Accessories.
 18107 | D:13     | Found a burning altar of Makhleb.
 18149 | D:13     | Reached skill level 5 in Invocations
 18318 | D:13     | Reached skill level 17 in Stealth
 18615 | D:14     | Found a gate to the Vaults.
 18621 | D:14     | Reached XP level 14. HP: 77/77 MP: 26/26
 19082 | D:14     | Reached skill level 18 in Stealth
 19100 | D:14     | Learned a level 1 spell: Confusing Touch
 19104 | D:14     | Learned a level 3 spell: Conjure Flame
 19110 | D:14     | Learned a level 5 spell: Yara's Violent Unravelling
 19116 | D:14     | Learned a level 5 spell: Metabolic Englaciation
 19777 | D:15     | Entered Level 15 of the Dungeon
 19841 | D:15     | Found a staircase to the Depths.
 19899 | D:15     | Found a corrupted altar of Lugonu.
 20014 | D:15     | Reached skill level 19 in Stealth
 20386 | D:15     | Found Imyhi's Food Shop.
 21100 | D:15     | Reached skill level 20 in Stealth
 21100 | D:15     | Reached skill level 10 in Invocations
 21332 | Lair:1   | Entered Level 1 of the Lair of Beasts
 21350 | Lair:1   | Learned a level 1 spell: Apportation
 21352 | Lair:1   | Learned a level 1 spell: Animate Skeleton
 21354 | Lair:1   | Learned a level 1 spell: Flame Tongue
 21909 | Lair:1   | Noticed Urug
 21916 | Lair:1   | Killed Urug
 22523 | Lair:2   | Found a staircase to the Snake Pit.
 22992 | Lair:2   | Reached XP level 15. HP: 75/80 MP: 29/29
 23240 | Lair:3   | Learned a level 5 spell: Summon Mana Viper
 23353 | Lair:3   | Reached skill level 10 in Spellcasting
 23412 | Lair:3   | Noticed Rupert
 23419 | Lair:3   | Killed Rupert
 23509 | Lair:3   | Found the +9 heavy crossbow "Sniper" {velocity, Acc+∞ SInv}
 23528 | Lair:3   | Noticed Gastronok
 23535 | Lair:3   | Killed Gastronok
 24392 | D:12     | Learned a level 3 spell: Regeneration
 24557 | Lair:4   | Found a staircase to the Shoals.
 24790 | Lair:4   | Found a blossoming altar of Fedhas.
 24844 | Lair:4   | Noticed Nessos
 24855 | Lair:4   | Killed Nessos
 25584 | Lair:5   | Identified a scroll of acquirement {!r}
 26244 | Lair:6   | Entered Level 6 of the Lair of Beasts
 26254 | Lair:6   | Noticed Sonja
 26264 | Lair:6   | Killed Sonja
 26503 | Lair:6   | Reached skill level 10 in Short Blades
 26541 | Lair:6   | Paralysed by a hornet for 3 turns
 26542 | Lair:6   | HP: 3/80 [water moccasin (5)]
 26543 | Lair:6   | HP: 1/80 [poisoned by a water moccasin]
 26543 | Lair:6   | Slain by a water moccasin

Vault maps used:
D:1:      dpeg_arrival_round_c, minmay_fountain_box, hangedman_decor_push
D:2:      kennysheep_slug_shrine, lemuel_crystal_altar,
          chequers_ecumenical_altar_simple_redux, wad_floor_pattern_1,
          uniq_jessica
D:3:      led_sif_book
D:4:      uniq_eustachio
D:5:      tso_oasis_becter, first_ration, ebering_ghost_rock_garden,
          uniq_grinder
D:6:      cheibrodos_iron_armory, lemuel_crystal_altar, lemuel_doored_altar
D:7:      temple_hall, uniq_duvessa, uniq_joseph
D:8:      erik_lair_orcish_takeover
D:9:      hiddenorc1_lemuel
D:10:     gammafunk_ghost_smash, grunt_tengu_nest
D:11:     nicolae_trove_entry_crystal, interstate_on_off,
          minmay_misc_feat_tower, uniq_snorg
D:12:     serial_glass, glass_columns_a, glass_columns_c, feat_on_display,
          unseen_surprise_small, feat_on_display, item_on_display_a
D:13:     minmay_the_grid_triangle_9x9_recursive_3_mashed,
          nicolae_elemental_shop, fountainhead, onia_ninara_cookie
D:14:     lightli_vaults_fourway_checkpoint, minmay_misc_feat_roman,
          kennysheep_just_a_vault
D:15:     grunt_enter_depths_hoard, serial_shops, shop_coins,
          minmay_misc_feat_room, tgw_lugonu_bribe
Lair:1:   uniq_urug
Lair:2:   guppyfry_snake_entry_island
Lair:3:   grunt_megastairs_4, uniq_rupert, uniq_gastronok
Lair:4:   dpeg_oklob_shooting_range, shoals_dummy_entry, basic_altar,
          grunt_megastairs_3, serial_bayou_shore_a, uniq_nessos
Lair:5:   hangedman_lair_unloving_vines, roderic_carrion_pond,
          lemuel_fruit_fields
Lair:6:   minmay_lair_end_enchanted_forest, slime_altar_2, tgw_fedhas,
          grunt_megastairs_5, uniq_sonja
Orc:1:    minmay_goldmine, nicolae_orc_rockfall, bloody_trog
Orc:2:    st_orc_pillars, basic_altar

Skill      XL: |  1  2  3  4  5  6  7  8  9 10 11 12 13 14 15 |
---------------+----------------------------------------------+-----
Stealth        | 5 6 8 9 13 16 17 20 | 20.6
Short Blades   | 2 3 4 6 8 10 | 10.1
Spellcasting   | 3 4 5 7 9 12 | 12.0
Hexes          | 4 5 6 8 10 12 | 12.0
Dodging        | 6 8 10 12 | 12.0
Fighting       | 3 5 9 10 | 10.0
Evocations     | 8 |  8.0
Invocations    | 6 10 | 10.7

Action                   |  1- 3 |  4- 6 |  7- 9 | 10-12 | 13-15 || total
-------------------------+-------+-------+-------+-------+-------++-------
Melee: Dagger            |    48 |    25 |   306 |   534 |   671 ||  1584
 Cast: Corona            |     3 |       |       |       |       ||     3
       Ensorcelled Hiber |    14 |     6 |    82 |   138 |   247 ||   487
       Dazzling Spray    |       |     2 |     3 |    64 |     5 ||    74
       Confuse           |       |     2 |    37 |    70 |    67 ||   176
       Tukima's Dance    |       |       |     2 |    13 |     1 ||    16
       Confusing Touch   |       |       |       |       |    17 ||    17
       Regeneration      |       |       |       |       |     2 ||     2
  Use: Scroll            |       |       |    11 |     4 |    21 ||    36
       Potion            |       |       |       |     4 |       ||     4
 Stab: Sleeping          |    12 |     6 |    80 |    98 |   238 ||   434
       Confused          |       |     3 |    20 |    55 |    80 ||   158
       Invisible         |       |     1 |     1 |    17 |     4 ||    23
       Distracted        |       |       |     1 |     2 |    13 ||    16
  Eat: Ration            |       |       |     3 |     8 |     7 ||    18
Armor: Robe              |     3 |     1 |    11 |    10 |     6 ||    31
Dodge: Dodged            |    30 |     8 |   195 |   442 |   490 ||  1165

Table legend:
 A = Non-vault XP
 B = Vault XP
 C = Vault XP percentage of total XP
 D = Non-vault monster count
 E = Vault monster count
 F = Vault count percentage of total count
                 A         B        C        D         E       F
            +---------+---------+-------+---------+---------+-------
      Total |   80134 |   55572 |  41.0 |     556 |     198 |  26.3
            +---------+---------+-------+---------+---------+-------
        D:1 |      41 |       0 |   0.0 |      23 |       0 |   0.0
        D:2 |      62 |      41 |  39.8 |      20 |       2 |   9.1
        D:3 |      91 |      80 |  46.8 |      13 |       2 |  13.3
        D:4 |     388 |     202 |  34.2 |      17 |       1 |   5.6
        D:5 |     780 |     425 |  35.3 |      21 |       2 |   8.7
        D:6 |    1115 |     412 |  27.0 |      27 |       1 |   3.6
        D:7 |    1006 |    1411 |  58.4 |      19 |       6 |  24.0
        D:8 |    1181 |     574 |  32.7 |      20 |       8 |  28.6
        D:9 |    3676 |     189 |   4.9 |      41 |      17 |  29.3
       D:10 |    1994 |    5083 |  71.8 |      18 |       8 |  30.8
       D:11 |    1385 |    1157 |  45.5 |      21 |       1 |   4.5
       D:12 |    7350 |       0 |   0.0 |      58 |       0 |   0.0
       D:13 |    3483 |   14686 |  80.8 |      32 |      41 |  56.2
       D:14 |    7410 |    5838 |  44.1 |      27 |      12 |  30.8
       D:15 |   16034 |    3018 |  15.8 |      40 |       3 |   7.0
     Lair:1 |    3830 |     835 |  17.9 |      16 |       1 |   5.9
     Lair:2 |    3394 |     332 |   8.9 |      16 |       2 |  11.1
     Lair:3 |    5779 |    4884 |  45.8 |      19 |       3 |  13.6
     Lair:4 |    5637 |    1487 |  20.9 |      24 |       2 |   7.7
     Lair:5 |    5190 |     621 |  10.7 |      18 |       5 |  21.7
     Lair:6 |    6664 |    1586 |  19.2 |      23 |       3 |  11.5
      Orc:1 |    2874 |     372 |  11.5 |      31 |      11 |  26.2
      Orc:2 |     770 |   12339 |  94.1 |      12 |      67 |  84.8
            +---------+---------+-------+---------+---------+-------
